[Event "Cracovia Festival-A 2023"]
[Site "Krakow"]
[Date "2024.01.02"]
[Round "6.21"]
[White "Gierulski, Kamil"]
[Black "Janzelj, Tim"]
[Result "1-0"]
[ECO "B12"]
[WhiteElo "2223"]
[BlackElo "2441"]
[Annotator "RC"]
[PlyCount "77"]
[EventDate "2023.12.24"]
[EventType "swiss"]
[EventCountry "POL"]
[SourceTitle "playchess.com"]
[Source "ChessBase"]
[SourceQuality "1"]
[TimeControl "40/5400+30:1800+30"]

1. e4 c6 2. d4 d5 3. e5 Bf5 4. Nf3 e6 5. Be2 Ne7 6. c3 h6 7. Nbd2 Nd7 8. b4 g5 9. O-O Ng6 10. Nb3 f6 11. Ne1 Nf4 12. Bxf4 gxf4 13. Bd3 Qe7 14. Bxf5 exf5 15. Qh5+ Qf7 16. Qe2 fxe5 17. dxe5 Qg7 18. Nd4 O-O-O 19. e6 Ne5 20. Nxf5 Qf6 21. e7 Bxe7 22. Nxe7+ Kb8 23. Nf3 Nxf3+ 24. Qxf3 Qxe7 25. Qxf4+ Ka8 26. Rae1 Qg7 27. Re5 h5 28. h4 Rhg8 29. g3 Rdf8 30. Qd4 Qd7 31. Rfe1 Qf7 32. Qe3 a6 33. a4 Rg4 34. Re2 d4 35. cxd4 Qc4 36. b5 Rxd4 37. b6 Qxa4 38. Re8+ Rd8 39. Rxf8 1-0

[Event "Cracovia Festival-A 2023"]
[Site "Krakow"]
[Date "2024.01.02"]
[Round "6.22"]
[White "Pyrig, Roman"]
[Black "Sofronie, Iulian"]
[Result "1-0"]
[ECO "C77"]
[WhiteElo "2154"]
[BlackElo "2438"]
[Annotator "RC"]
[PlyCount "79"]
[EventDate "2023.12.24"]
[EventType "swiss"]
[EventCountry "POL"]
[SourceTitle "playchess.com"]
[Source "ChessBase"]
[SourceQuality "1"]
[TimeControl "40/5400+30:1800+30"]

1. e4 e5 2. Nf3 Nc6 3. Bb5 a6 4. Ba4 Nf6 5. d3 b5 6. Bb3 Bc5 7. Nc3 d6 8. Nd5 h6 9. c3 Ba7 10. Nxf6+ Qxf6 11. Bd5 Bd7 12. a4 O-O 13. Rg1 Ne7 14. Bxa8 Rxa8 15. axb5 Bxb5 16. Be3 Bxe3 17. fxe3 a5 18. Qd2 Bc6 19. c4 a4 20. b3 Qe6 21. g4 Qd7 22. b4 Bb7 23. Qc2 Nc8 24. g5 hxg5 25. Rxg5 f6 26. Rg3 f5 27. exf5 Qxf5 28. e4 Qf4 29. Ke2 Ne7 30. Rxa4 Rf8 31. Qd2 Qf7 32. Qg5 Nc6 33. Kd2 Nd4 34. Nxd4 exd4 35. Kc2 Bxe4 36. Kb3 d5 37. c5 Bf5 38. Ra1 Qf6 39. Qxf6 Rxf6 40. b5 1-0

[Event "Cracovia Festival-A 2023"]
[Site "Krakow"]
[Date "2024.01.02"]
[Round "6.23"]
[White "Anwesh, Upadhyaya"]
[Black "Jaskolka, Tomasz"]
[Result "0-1"]
[ECO "A14"]
[WhiteElo "2350"]
[BlackElo "2222"]
[Annotator "RC"]
[PlyCount "46"]
[EventDate "2023.12.24"]
[EventType "swiss"]
[EventCountry "POL"]
[SourceTitle "playchess.com"]
[Source "ChessBase"]
[SourceQuality "1"]
[TimeControl "40/5400+30:1800+30"]

1. c4 e6 2. Nf3 d5 3. g3 Nf6 4. Bg2 Be7 5. O-O O-O 6. d4 c6 7. Qc2 b6 8. Nbd2 Bb7 9. e4 dxe4 10. Nxe4 Nxe4 11. Qxe4 Nd7 12. Rd1 Qc8 13. Bf4 Nf6 14. Qe2 Rd8 15. Rac1 Bf8 16. Bh3 Qd7 17. Ne5 Qe7 18. Re1 Rxd4 19. Bg5 h6 20. Bxf6 gxf6 21. Nxf7 e5 22. Rcd1 c5 23. Rxd4 cxd4 0-1

[Event "Cracovia Festival-A 2023"]
[Site "Krakow"]
[Date "2024.01.02"]
[Round "6.24"]
[White "Eke, Salih"]
[Black "Kucza, Karol"]
[Result "1/2-1/2"]
[ECO "D00"]
[WhiteElo "2217"]
[BlackElo "2343"]
[Annotator "RC"]
[PlyCount "70"]
[EventDate "2023.12.24"]
[EventType "swiss"]
[EventCountry "POL"]
[SourceTitle "playchess.com"]
[Source "ChessBase"]
[SourceQuality "1"]
[TimeControl "40/5400+30:1800+30"]

1. d4 d5 2. Bf4 Nf6 3. e3 e6 4. c3 Bd6 5. Bg3 O-O 6. Nd2 c5 7. Bd3 b6 8. Ngf3 Ba6 9. Bxa6 Nxa6 10. Ne5 Bxe5 11. Bxe5 Nb8 12. O-O Nc6 13. Bg3 Qe7 14. f4 Ne8 15. Nf3 Nd6 16. Bh4 Qd7 17. Ne5 Nxe5 18. fxe5 Ne4 19. Qg4 Kh8 20. Rf3 f5 21. exf6 gxf6 22. Raf1 f5 23. Qf4 Qg7 24. Rh3 Rae8 25. Bg3 e5 26. dxe5 Nxg3 27. Rxg3 Qxe5 28. Qxe5+ Rxe5 29. Rf4 Rg8 30. Rgf3 Rg5 31. Kf2 Kg7 32. h3 Kf6 33. h4 Rh5 34. g3 Ke6 35. c4 Rh6 1/2-1/2

[Event "Cracovia Festival-A 2023"]
[Site "Krakow"]
[Date "2024.01.02"]
[Round "6.25"]
[White "Dubnevych, Maksym"]
[Black "Wojdak, Jan"]
[Result "1-0"]
[ECO "D37"]
[WhiteElo "2340"]
[BlackElo "2219"]
[Annotator "RC"]
[PlyCount "115"]
[EventDate "2023.12.24"]
[EventType "swiss"]
[EventCountry "POL"]
[SourceTitle "playchess.com"]
[Source "ChessBase"]
[SourceQuality "1"]
[TimeControl "40/5400+30:1800+30"]

1. d4 d5 2. c4 e6 3. Nf3 Nf6 4. Nc3 Nbd7 5. Bf4 Bb4 6. cxd5 exd5 7. e3 c5 8. Bd3 Qa5 9. O-O Bxc3 10. bxc3 c4 11. Bc2 O-O 12. Qb1 Re8 13. Qb4 Qxb4 14. cxb4 Nh5 15. h3 Nxf4 16. exf4 Nf8 17. Rfe1 Bd7 18. a4 f6 19. f5 Kf7 20. Kf1 Rxe1+ 21. Kxe1 Ke7 22. Kd2 a5 23. b5 Kd6 24. g4 Be8 25. Nh4 Bf7 26. Ng2 Re8 27. Ne3 Nd7 28. Re1 h6 29. Rb1 Nb6 30. h4 Kd7 31. Rg1 Nc8 32. g5 h5 33. g6 Bg8 34. Ng2 Nd6 35. f3 c3+ 36. Kxc3 Rc8+ 37. Kb3 Nc4 38. Rd1 Re8 39. Re1 Rc8 40. Re2 Nd6 41. Bd3 Rc1 42. b6 Rh1 43. Ne3 Rxh4 44. Rc2 Rxd4 45. Rc7+ Ke8 46. Bb5+ Nxb5 47. axb5 Rd3+ 48. Kc2 Rxe3 49. Rxb7 Be6 50. fxe6 Rxe6 51. Rb8+ Kd7 52. Rb7+ Ke8 53. Kd3 f5 54. Kd4 Rxg6 55. Kc5 Rg1 56. Ra7 Rc1+ 57. Kd6 Rb1 58. Rxa5 1-0

[Event "Cracovia Festival-A 2023"]
[Site "Krakow"]
[Date "2024.01.02"]
[Round "6.27"]
[White "Ongut, Tamas Gunes"]
[Black "Selbes, Tamer Tarik"]
[Result "1/2-1/2"]
[ECO "E48"]
[WhiteElo "2313"]
[BlackElo "2185"]
[Annotator "RC"]
[PlyCount "51"]
[EventDate "2023.12.24"]
[EventType "swiss"]
[EventCountry "POL"]
[SourceTitle "playchess.com"]
[Source "ChessBase"]
[SourceQuality "1"]
[TimeControl "40/5400+30:1800+30"]

1. d4 Nf6 2. c4 e6 3. Nc3 Bb4 4. e3 O-O 5. Bd3 d5 6. cxd5 exd5 7. a3 Bd6 8. Qc2 c6 9. Nge2 Re8 10. f3 c5 11. O-O Nc6 12. Kh1 h5 13. Bd2 a6 14. b3 Bd7 15. dxc5 Bxc5 16. Nxd5 Ba7 17. Nxf6+ Qxf6 18. Bc3 Qh6 19. e4 Rac8 20. Qb2 h4 21. Rad1 Be6 22. f4 Bg4 23. h3 Bh5 24. Rde1 Rcd8 25. Bb1 Rd7 26. Ng1 1/2-1/2

[Event "Cracovia Festival-A 2023"]
[Site "Krakow"]
[Date "2024.01.02"]
[Round "6.28"]
[White "Meurs, Tom"]
[Black "Szczurek, Krzysztof"]
[Result "0-1"]
[ECO "B12"]
[WhiteElo "2290"]
[BlackElo "2175"]
[Annotator "RC"]
[PlyCount "92"]
[EventDate "2023.12.24"]
[EventType "swiss"]
[EventCountry "POL"]
[SourceTitle "playchess.com"]
[Source "ChessBase"]
[SourceQuality "1"]
[TimeControl "40/5400+30:1800+30"]

1. e4 c6 2. d4 d5 3. e5 c5 4. Nf3 cxd4 5. Nxd4 Nc6 6. Nxc6 bxc6 7. Bd3 e6 8. O-O Ne7 9. Nd2 Ng6 10. Nf3 Be7 11. Qe2 O-O 12. c4 Bb7 13. Re1 a5 14. Qc2 a4 15. Be3 Qa5 16. h4 dxc4 17. Bxg6 hxg6 18. Bg5 Bb4 19. Re3 Ba6 20. h5 gxh5 21. Bh4 Ra7 22. Ng5 g6 23. Ne4 Be7 24. Nf6+ Bxf6 25. Bxf6 Rd7 26. Qe4 Qd5 27. Qf4 Kh7 28. Qg5 Qd2 29. Rh3 Qxg5 30. Bxg5 Rd5 31. Re1 Rb8 32. g4 Rd4 33. f3 Rxb2 34. Kh1 c3 35. gxh5 c2 36. hxg6+ Kg8 37. Bf6 fxg6 38. Rh8+ Kf7 39. Rh7+ Ke8 40. Rh8+ Kf7 41. Rh7+ Ke8 42. Rh8+ Kd7 43. Rd8+ Kc7 44. Rxd4 Rb1 45. Rde4 Bd3 46. R4e3 Rd1 0-1

[Event "Cracovia Festival-A 2023"]
[Site "Krakow"]
[Date "2024.01.02"]
[Round "6.29"]
[White "Nemsadze, Daviti"]
[Black "Buchenau, Frank"]
[Result "1-0"]
[ECO "C11"]
[WhiteElo "2253"]
[BlackElo "2135"]
[Annotator "RC"]
[PlyCount "95"]
[EventDate "2023.12.24"]
[EventType "swiss"]
[EventCountry "POL"]
[SourceTitle "playchess.com"]
[Source "ChessBase"]
[SourceQuality "1"]
[TimeControl "40/5400+30:1800+30"]

1. e4 e6 2. d4 d5 3. Nc3 Nf6 4. e5 Nfd7 5. f4 c5 6. Nf3 Qb6 7. Be3 a6 8. a3 Nc6 9. Rb1 cxd4 10. Nxd4 Bc5 11. Nce2 Qa7 12. b4 Bb6 13. a4 Qb8 14. a5 Ba7 15. g3 f6 16. exf6 Nxf6 17. Nxc6 bxc6 18. Bxa7 Rxa7 19. Bg2 e5 20. fxe5 Qxe5 21. Qd4 Re7 22. Qxe5 Rxe5 23. Kd2 O-O 24. Rhf1 Rfe8 25. Nd4 Ng4 26. Rfe1 Bd7 27. Bf1 Re4 28. c3 Bc8 29. Rxe4 Rxe4 30. Bd3 Re8 31. Re1 Rxe1 32. Kxe1 Bb7 33. Ne6 Ne5 34. Be2 Bc8 35. Nc5 Kf7 36. Bxa6 Bxa6 37. Nxa6 Ke7 38. Nc5 Kd6 39. a6 Nc4 40. a7 Nb6 41. h4 Na8 42. h5 g6 43. h6 Ke5 44. Nd7+ Kf5 45. Nb8 Ke4 46. Kd2 c5 47. b5 Ke5 48. b6 1-0

[Event "Cracovia Festival-A 2023"]
[Site "Krakow"]
[Date "2024.01.02"]
[Round "6.30"]
[White "Klepek, Witold"]
[Black "Babiarz, Arkadiusz"]
[Result "1-0"]
[ECO "B40"]
[WhiteElo "2252"]
[BlackElo "2129"]
[Annotator "RC"]
[PlyCount "55"]
[EventDate "2023.12.24"]
[EventType "swiss"]
[EventCountry "POL"]
[SourceTitle "playchess.com"]
[Source "ChessBase"]
[SourceQuality "1"]
[TimeControl "40/5400+30:1800+30"]

1. e4 c5 2. Nf3 e6 3. c3 Nf6 4. e5 Nd5 5. d4 cxd4 6. cxd4 d6 7. Nc3 Nxc3 8. bxc3 Qc7 9. Bd2 Nd7 10. exd6 Bxd6 11. Bd3 Nf6 12. O-O O-O 13. a4 b6 14. Re1 Bf4 15. Ne5 Bxd2 16. Qxd2 Bb7 17. Re3 Rac8 18. Rae1 Kh8 19. Bb1 Ba8 20. Rh3 Rfd8 21. Qg5 Qb7 22. f3 Kg8 23. Bxh7+ Nxh7 24. Qh5 Kf8 25. Qxh7 Rxc3 26. Qh8+ Ke7 27. Qxg7 Rxd4 28. Ng6+ 1-0

[Event "Cracovia Festival-A 2023"]
[Site "Krakow"]
[Date "2024.01.02"]
[Round "6.31"]
[White "Piekielny, Pawel"]
[Black "Lehocz, Jozsef Jr."]
[Result "1-0"]
[ECO "A40"]
[WhiteElo "2250"]
[BlackElo "2116"]
[Annotator "RC"]
[PlyCount "119"]
[EventDate "2023.12.24"]
[EventType "swiss"]
[EventCountry "POL"]
[SourceTitle "playchess.com"]
[Source "ChessBase"]
[SourceQuality "1"]
[TimeControl "40/5400+30:1800+30"]

1. d4 e6 2. c4 b6 3. Nc3 Bb7 4. e4 Bb4 5. Bd3 f5 6. d5 fxe4 7. Bxe4 Nf6 8. Bf3 exd5 9. Nge2 O-O 10. O-O Nc6 11. Nxd5 Nxd5 12. Bxd5+ Kh8 13. Bf4 Qf6 14. a3 Bd6 15. Bxd6 Qxd6 16. Nc3 a6 17. Be4 Qxd1 18. Raxd1 Rf7 19. Rfe1 Raf8 20. f3 Na5 21. Bxb7 Nxb7 22. Nd5 Na5 23. Nxc7 Nxc4 24. Re2 d5 25. Nxa6 Rd7 26. Rd4 Rfd8 27. Nb4 h6 28. Kf2 Kh7 29. h4 Na5 30. Re5 Nc4 31. Rexd5 Rxd5 32. Rxd5 Rc8 33. Rb5 Nxb2 34. Rxb6 Nc4 35. Ra6 Rb8 36. Nc6 Rb2+ 37. Kg3 Ne3 38. a4 Rxg2+ 39. Kf4 Nc4 40. Ra7 Rg6 41. Nd4 Rf6+ 42. Ke4 Nd2+ 43. Ke3 Nc4+ 44. Kd3 Ne5+ 45. Ke4 Nc4 46. a5 Kg6 47. a6 Nd2+ 48. Ke3 Nc4+ 49. Kd3 Ne5+ 50. Ke4 Nc6 51. Rb7 Nxd4 52. a7 Ra6 53. Kxd4 Ra5 54. Kc4 Kf6 55. Kb4 Ra1 56. Kb5 Rb1+ 57. Kc6 Ra1 58. Kc7 g5 59. hxg5+ Kxg5 60. Kb8 1-0

[Event "Cracovia Festival-A 2023"]
[Site "Krakow"]
[Date "2024.01.02"]
[Round "6.32"]
[White "Fodor, Balazs"]
[Black "Warchol, Kamil"]
[Result "1-0"]
[ECO "A06"]
[WhiteElo "2225"]
[BlackElo "2108"]
[Annotator "RC"]
[PlyCount "115"]
[EventDate "2023.12.24"]
[EventType "swiss"]
[EventCountry "POL"]
[SourceTitle "playchess.com"]
[Source "ChessBase"]
[SourceQuality "1"]
[TimeControl "40/5400+30:1800+30"]

1. Nf3 d5 2. e3 Nf6 3. c4 e6 4. Nc3 b6 5. b3 Bb7 6. Bb2 Be7 7. Be2 O-O 8. Qc2 c5 9. cxd5 exd5 10. d4 Nc6 11. dxc5 bxc5 12. O-O Nb4 13. Qb1 Qb6 14. Na4 Qa5 15. a3 Nc6 16. Qc2 Ne4 17. Rfd1 Rfd8 18. Rac1 Rac8 19. Nd2 Nxd2 20. Rxd2 d4 21. Rdd1 dxe3 22. fxe3 Bg5 23. Rxd8+ Rxd8 24. Qc3 Qxc3 25. Rxc3 Rd2 26. Bf3 c4 27. Bc1 Rd8 28. Nc5 Ba8 29. bxc4 Be7 30. Nb3 Ne5 31. Bxa8 Rxa8 32. c5 Rc8 33. e4 h6 34. Bf4 Bf6 35. Bxe5 Bxe5 36. Rc4 Kf8 37. Kf2 Ke7 38. h3 Kd7 39. Ra4 Rb8 40. Rxa7+ Kc6 41. Ra6+ Kd7 42. c6+ Kc7 43. Na5 Rb2+ 44. Ke3 Rc2 45. a4 Rc5 46. Kd3 Rc3+ 47. Kd2 Rc5 48. Nb3 Rc3 49. Nc1 Rc4 50. Nd3 Rxe4 51. Nxe5 Rxe5 52. Ra7+ Kxc6 53. Rxf7 Re4 54. Rxg7 Rxa4 55. Ke3 h5 56. Rg5 h4 57. Rg4 Ra2 58. Kf4 1-0

[Event "Cracovia Festival-A 2023"]
[Site "Krakow"]
[Date "2024.01.02"]
[Round "6.33"]
[White "Turski, Bartlomiej"]
[Black "Mirski, Stanislaw"]
[Result "1-0"]
[ECO "B42"]
[WhiteElo "2380"]
[BlackElo "2187"]
[Annotator "RC"]
[PlyCount "79"]
[EventDate "2023.12.24"]
[EventType "swiss"]
[EventCountry "POL"]
[SourceTitle "playchess.com"]
[Source "ChessBase"]
[SourceQuality "1"]
[TimeControl "40/5400+30:1800+30"]

1. e4 c5 2. Nf3 e6 3. d4 cxd4 4. Nxd4 a6 5. Bd3 Bc5 6. Nb3 Be7 7. Qg4 g6 8. Qe2 d6 9. Nc3 Nd7 10. a3 Qc7 11. Be3 Ngf6 12. O-O-O b5 13. f4 Bb7 14. Kb1 Bc6 15. g4 Nc5 16. g5 Nfd7 17. Bd4 e5 18. fxe5 dxe5 19. Bxc5 Nxc5 20. Nxc5 Bxc5 21. Nd5 Bxd5 22. exd5 h6 23. d6 Bxd6 24. Qf3 O-O-O 25. c4 Kb8 26. cxb5 axb5 27. Bxb5 hxg5 28. Bc6 Bc5 29. Rc1 Bb6 30. Be4 Qa7 31. Rc6 Rc8 32. Rf6 Rhe8 33. Rxf7 Re7 34. Rf6 Qa5 35. b4 Qa7 36. Qe2 Rf7 37. Rxg6 Rg7 38. Rh6 Rc3 39. Qb5 Kc7 40. Qxe5+ 1-0

[Event "Cracovia Festival-A 2023"]
[Site "Krakow"]
[Date "2024.01.02"]
[Round "6.34"]
[White "Berin, Artem"]
[Black "Valiyev, Shahin"]
[Result "0-1"]
[ECO "D31"]
[WhiteElo "2321"]
[BlackElo "2158"]
[Annotator "RC"]
[PlyCount "66"]
[EventDate "2023.12.24"]
[EventType "swiss"]
[EventCountry "POL"]
[SourceTitle "playchess.com"]
[Source "ChessBase"]
[SourceQuality "1"]
[TimeControl "40/5400+30:1800+30"]

1. d4 d5 2. c4 e6 3. Nc3 Be7 4. cxd5 exd5 5. Bf4 c6 6. e3 Bf5 7. g4 Be6 8. Bd3 Nd7 9. h3 g5 10. Bh2 h5 11. gxh5 Ngf6 12. Qc2 Rxh5 13. O-O-O Qa5 14. a3 b5 15. Kb1 b4 16. axb4 Bxb4 17. Na2 c5 18. Nxb4 Qxb4 19. Bd6 Rc8 20. dxc5 Nxc5 21. Qe2 Nfe4 22. Bb5+ Kd8 23. Be5 Bf5 24. Rxd5+ Ke7 25. Bf6+ Kxf6 26. Rxf5+ Kxf5 27. Qg4+ Kg6 28. Qxc8 Qe1+ 29. Ka2 Qa5+ 30. Kb1 Qxb5 31. Nf3 Qd3+ 32. Ka2 Nc3+ 33. Ka3 Nd5+ 0-1

[Event "Cracovia Festival-A 2023"]
[Site "Krakow"]
[Date "2024.01.02"]
[Round "6.35"]
[White "Gorkiewicz, Mateusz"]
[Black "Kyc, Jerzy"]
[Result "1-0"]
[ECO "B54"]
[WhiteElo "2147"]
[BlackElo "2304"]
[Annotator "RC"]
[PlyCount "111"]
[EventDate "2023.12.24"]
[EventType "swiss"]
[EventCountry "POL"]
[SourceTitle "playchess.com"]
[Source "ChessBase"]
[SourceQuality "1"]
[TimeControl "40/5400+30:1800+30"]

1. e4 c5 2. Nf3 d6 3. d4 cxd4 4. Nxd4 Nf6 5. f3 e5 6. Nb3 Be6 7. c4 Be7 8. Nc3 O-O 9. Be3 Nbd7 10. Be2 Qb8 11. O-O Rc8 12. Nd5 Bxd5 13. cxd5 Bd8 14. Qd3 Bb6 15. Rfc1 Rxc1+ 16. Rxc1 Qd8 17. g3 Rc8 18. Rc3 Rxc3 19. Qxc3 Bxe3+ 20. Qxe3 a6 21. Qa7 Qc8 22. Na5 Qc1+ 23. Bf1 Qxb2 24. Nxb7 Qxa2 25. Nxd6 Qa3 26. Nc4 Qc3 27. Kf2 g5 28. Qe3 Qc2+ 29. Qd2 Qxd2+ 30. Nxd2 Nc5 31. Nc4 g4 32. Nxe5 gxf3 33. Kxf3 Nfxe4 34. Ke3 a5 35. Nc4 a4 36. Kd4 f5 37. Bh3 Nb3+ 38. Ke5 Ned2 39. Na3 Na5 40. Bxf5 Nac4+ 41. Nxc4 Nxc4+ 42. Kd4 a3 43. Bb1 Nd2 44. Ba2 Kf8 45. h3 Ke7 46. Ke3 Nf1+ 47. Kf4 Kd6 48. g4 Nd2 49. h4 Kc5 50. g5 Nc4 51. h5 Nd6 52. g6 hxg6 53. hxg6 Ne8 54. Ke5 Ng7 55. Kf6 Nh5+ 56. Kf7 1-0

[Event "Cracovia Festival-A 2023"]
[Site "Krakow"]
[Date "2024.01.02"]
[Round "6.36"]
[White "Marszalek, Maciej"]
[Black "Kazantzoglou, Stefanos"]
[Result "1/2-1/2"]
[ECO "A06"]
[WhiteElo "2269"]
[BlackElo "2152"]
[Annotator "RC"]
[PlyCount "87"]
[EventDate "2023.12.24"]
[EventType "swiss"]
[EventCountry "POL"]
[SourceTitle "playchess.com"]
[Source "ChessBase"]
[SourceQuality "1"]
[TimeControl "40/5400+30:1800+30"]

1. Nf3 d5 2. e3 Nf6 3. b3 e6 4. c4 Bd6 5. Be2 dxc4 6. bxc4 O-O 7. Bb2 b6 8. O-O Bb7 9. Nc3 Nbd7 10. d4 a6 11. Qb3 e5 12. Ba3 Bxa3 13. Qxa3 exd4 14. exd4 Ne4 15. Nxe4 Bxe4 16. Nd2 Bb7 17. Bf3 Bxf3 18. Nxf3 Re8 19. Rfe1 a5 20. Rxe8+ Qxe8 21. Re1 Qf8 22. Qa4 Rd8 23. Qc6 Qd6 24. Qxd6 cxd6 25. Rb1 Rc8 26. Nd2 d5 27. cxd5 Rc2 28. Nf1 Rxa2 29. Rc1 Ra4 30. Rc8+ Nf8 31. g3 Rxd4 32. Ne3 g6 33. Rb8 Rb4 34. d6 Kg7 35. Nd5 Rd4 36. Nc7 Nd7 37. Ne8+ Kh6 38. Rb7 Re4 39. Rxd7 Rxe8 40. Rb7 Rd8 41. Rxb6 a4 42. Ra6 a3 43. Rxa3 Rxd6 44. h4 1/2-1/2

[Event "Cracovia Festival-A 2023"]
[Site "Krakow"]
[Date "2024.01.02"]
[Round "6.37"]
[White "Ramirez Garcia, Jorge Alberto"]
[Black "Gaurav Rajesh Zagade"]
[Result "1/2-1/2"]
[ECO "C44"]
[WhiteElo "2249"]
[BlackElo "2126"]
[Annotator "RC"]
[PlyCount "37"]
[EventDate "2023.12.24"]
[EventType "swiss"]
[EventCountry "POL"]
[SourceTitle "playchess.com"]
[Source "ChessBase"]
[SourceQuality "1"]
[TimeControl "40/5400+30:1800+30"]

1. e4 e5 2. Nf3 Nc6 3. d4 exd4 4. Nxd4 Nf6 5. Nc3 Bb4 6. Nxc6 bxc6 7. Bd3 d5 8. exd5 O-O 9. O-O Bg4 10. Be2 Bxe2 11. Nxe2 cxd5 12. Bg5 Be7 13. Nd4 Qd7 14. Qd3 Qg4 15. Nc6 Qxg5 16. Nxe7+ Kh8 17. Rad1 Qe5 18. Nxd5 Rad8 19. c4 1/2-1/2

[Event "Cracovia Festival-A 2023"]
[Site "Krakow"]
[Date "2024.01.02"]
[Round "6.38"]
[White "Zarnowski, Krzysztof"]
[Black "Fishchuk, Vladyslav"]
[Result "1-0"]
[ECO "D37"]
[WhiteElo "2114"]
[BlackElo "2198"]
[Annotator "RC"]
[PlyCount "111"]
[EventDate "2023.12.24"]
[EventType "swiss"]
[EventCountry "POL"]
[SourceTitle "playchess.com"]
[Source "ChessBase"]
[SourceQuality "1"]
[TimeControl "40/5400+30:1800+30"]

1. Nf3 d5 2. d4 Nf6 3. c4 e6 4. Nc3 Nbd7 5. Bg5 Bb4 6. cxd5 exd5 7. e3 c5 8. Bd3 Qa5 9. O-O c4 10. Bf5 O-O 11. Qc2 Re8 12. Nd2 g6 13. Bh3 Kg7 14. a3 Bxc3 15. Qxc3 Qxc3 16. bxc3 h6 17. Bxf6+ Nxf6 18. Bxc8 Raxc8 19. Rfb1 Re7 20. a4 Kf8 21. Rb5 Ke8 22. Nf1 a6 23. Rb2 Ne4 24. Rc1 Nd6 25. f3 Kd7 26. Kf2 Kc7 27. g4 f5 28. gxf5 Nxf5 29. Rcb1 Nd6 30. Re2 Rf8 31. Kg2 Nf5 32. e4 Nh4+ 33. Kg3 Nxf3 34. Ne3 Ref7 35. Nxd5+ Kc8 36. Nb6+ Kb8 37. e5 Ka7 38. e6 Rf5 39. e7 Nxd4 40. Re3 Ne2+ 41. Kg2 Nf4+ 42. Kh1 Re8 43. Nxc4 Nd5 44. Nd6 Nxe3 45. Nxe8 Re5 46. Nd6 Nd5 47. e8=Q Rxe8 48. Nxe8 Nxc3 49. Ra1 a5 50. Nd6 Ka6 51. Ra3 Nxa4 52. Rxa4 b5 53. Ra1 a4 54. Rb1 a3 55. Nxb5 a2 56. Nc7+ 1-0

[Event "Cracovia Festival-A 2023"]
[Site "Krakow"]
[Date "2024.01.02"]
[Round "6.39"]
[White "Gkavardinas, Antonios"]
[Black "Baum, Jonasz"]
[Result "1/2-1/2"]
[ECO "C50"]
[WhiteElo "2141"]
[BlackElo "2421"]
[Annotator "RC"]
[PlyCount "76"]
[EventDate "2023.12.24"]
[EventType "swiss"]
[EventCountry "POL"]
[SourceTitle "playchess.com"]
[Source "ChessBase"]
[SourceQuality "1"]
[TimeControl "40/5400+30:1800+30"]

1. e4 e5 2. Nf3 Nc6 3. Bc4 Bc5 4. d3 Nf6 5. O-O d6 6. c3 a5 7. Re1 Ba7 8. Nbd2 O-O 9. h3 Be6 10. Bb5 Ne7 11. d4 Ng6 12. Bf1 c6 13. a4 Qc7 14. Qc2 Rad8 15. Nc4 Bxc4 16. Bxc4 d5 17. exd5 cxd5 18. Bb3 e4 19. Nh2 Bb8 20. g3 Nh5 21. Nf1 f5 22. Bg5 Kh8 23. Bxd8 Qxd8 24. Qd1 Qg5 25. Kh1 Nhf4 26. Nh2 Nxh3 27. Rf1 Ne7 28. Qe2 Rf6 29. Qb5 Rf8 30. Bxd5 e3 31. Nf3 Qh6 32. Kg2 Nxf2 33. Rxf2 exf2 34. Kxf2 Qd6 35. Bxb7 Qxg3+ 36. Ke2 Qg2+ 37. Kd3 Ng6 38. Re1 Nf4+ 1/2-1/2

[Event "Cracovia Festival-A 2023"]
[Site "Krakow"]
[Date "2024.01.02"]
[Round "6.40"]
[White "Loftgaard, Mikkel Vinh"]
[Black "Flak, Pawel"]
[Result "1-0"]
[ECO "B03"]
[WhiteElo "2322"]
[BlackElo "2145"]
[Annotator "RC"]
[PlyCount "119"]
[EventDate "2023.12.24"]
[EventType "swiss"]
[EventCountry "POL"]
[SourceTitle "playchess.com"]
[Source "ChessBase"]
[SourceQuality "1"]
[TimeControl "40/5400+30:1800+30"]

1. e4 Nf6 2. e5 Nd5 3. d4 d6 4. c4 Nb6 5. f4 Bf5 6. Nc3 dxe5 7. fxe5 e6 8. Be3 Nc6 9. Nf3 Bb4 10. Qd2 Na4 11. Be2 Na5 12. c5 c6 13. Qc1 b5 14. O-O Bxc3 15. bxc3 Nc4 16. Bxc4 bxc4 17. Qa3 Qa5 18. Rac1 O-O 19. Nd2 Qa6 20. Rf3 Rab8 21. h4 Bd3 22. Rg3 Kh8 23. Bg5 Rfe8 24. Rxd3 cxd3 25. Ne4 Rb2 26. c4 Nxc5 27. Qxb2 Nxe4 28. Qb3 d2 29. Rd1 Qa5 30. Qf3 Qa4 31. Bxd2 Rb8 32. Be3 Qc2 33. Rf1 Qd3 34. Kh2 f5 35. exf6 Nxf6 36. Bf4 Qxf3 37. Rxf3 Rb4 38. Rc3 Ra4 39. Rc2 Kg8 40. Kh3 Ra3+ 41. g3 h5 42. Kg2 Ng4 43. Rb2 Kh7 44. Re2 Ra4 45. c5 a5 46. Kg1 Kg6 47. Rxe6+ Kf5 48. Rxc6 Rxa2 49. Rb6 g5 50. Bxg5 Ke4 51. c6 a4 52. c7 Rc2 53. Bf4 a3 54. Ra6 Nf2 55. Ra8 Nh3+ 56. Kf1 a2 57. Rxa2 Rxa2 58. c8=Q Ra1+ 59. Bc1 Kf3 60. Qc3+ 1-0

[Event "Cracovia Festival-A 2023"]
[Site "Krakow"]
[Date "2024.01.02"]
[Round "6.41"]
[White "Yezhel, Valiantsin"]
[Black "Pacuszka, Tomasz"]
[Result "1-0"]
[ECO "D02"]
[WhiteElo "2311"]
[BlackElo "2124"]
[Annotator "RC"]
[PlyCount "69"]
[EventDate "2023.12.24"]
[EventType "swiss"]
[EventCountry "POL"]
[SourceTitle "playchess.com"]
[Source "ChessBase"]
[SourceQuality "1"]
[TimeControl "40/5400+30:1800+30"]

1. d4 d5 2. Nf3 Nf6 3. g3 e6 4. Bg2 Be7 5. O-O O-O 6. c4 c6 7. Qc2 b6 8. Nbd2 Bb7 9. e4 Na6 10. b3 c5 11. exd5 exd5 12. Bb2 h6 13. dxc5 Nxc5 14. Nd4 Nce4 15. Nf5 Bc5 16. Nxe4 dxe4 17. Rad1 Qc8 18. Nd6 Bxd6 19. Rxd6 Ne8 20. Qc3 f6 21. Rd2 Rf7 22. Rfd1 Qe6 23. Qe3 f5 24. c5 b5 25. Bf1 Bc6 26. Be2 f4 27. gxf4 Qf5 28. Be5 Kh7 29. Qg3 Nf6 30. Rd6 Be8 31. c6 Rc8 32. Bxf6 Qxf6 33. Rxf6 Rxf6 34. f5 Bxc6 35. Rd6 1-0

[Event "Cracovia Festival-A 2023"]
[Site "Krakow"]
[Date "2024.01.02"]
[Round "6.43"]
[White "Hryharovich, Aliaksei"]
[Black "Zalega, Maciej"]
[Result "1-0"]
[ECO "A81"]
[WhiteElo "2195"]
[BlackElo "2113"]
[Annotator "RC"]
[PlyCount "61"]
[EventDate "2023.12.24"]
[EventType "swiss"]
[EventCountry "POL"]
[SourceTitle "playchess.com"]
[Source "ChessBase"]
[SourceQuality "1"]
[TimeControl "40/5400+30:1800+30"]

1. d4 f5 2. g3 Nf6 3. Bg2 g6 4. Nd2 Bg7 5. e4 fxe4 6. Nxe4 Nxe4 7. Bxe4 d5 8. Bg2 O-O 9. Nf3 Bf5 10. O-O Nc6 11. c3 Qd7 12. Bf4 h6 13. Ne5 Nxe5 14. Bxe5 c6 15. Bxg7 Kxg7 16. Re1 Rf7 17. Re5 Raf8 18. f4 h5 19. Qe2 Rh8 20. Re1 Kf8 21. c4 h4 22. cxd5 hxg3 23. hxg3 Bh3 24. Bf3 Rfh7 25. Rg5 Rh6 26. Qe5 Bf5 27. g4 Bxg4 28. Rxg4 Rh1+ 29. Bxh1 Qxg4+ 30. Bg2 Rh7 31. d6 1-0